 Dungeon Crawl Stone Soup version 0.19.0-18-g426998a (webtiles) character file.

90790 HungrySpirit the Cleaver (level 15, -4/115 HPs)
             Began as a Mummy Artificer on Nov 11, 2016.
             Was an Initiate of Gozag.
             Slain by a wolf spider (9 damage)
             ... on level 2 of the Spider Nest.
             The game lasted 01:06:17 (31187 turns).

HungrySpirit the Cleaver (Mummy Artificer)         Turns: 31187, Time: 01:06:18

Health: -4/115     AC: 32    Str: 22    XL:     15   Next: 53%
Magic:  23/23      EV:  6    Int: 11    God:    Gozag
Gold:   662        SH:  0    Dex: 15    Spells: 0 memorised, 14 levels left

rFire  + . .     SeeInvis +     z - +1 hand axe (elec)
rCold  + . .     Gourm    .     K - +10 plate armour "Bajuonac" {-Cast rF+ rN++}
rNeg   + + +     Faith    .     H - +0 shield {reflect}
rPois  ∞         Spirit   .     N - +0 mask of the Dragon {MR+ Slay+3 SInv}
rElec  .         Reflect  +     r - +2 cloak
rCorr  .         Harm     .     f - +2 pair of gloves {Dex+3}
MR     ++...     NoCast   +     w - +0 pair of boots
Stlth  ..........               Q - +4 amulet of reflection
                                G - ring "Bonelumest" {Wiz *Drain +Fly SInv}
                                i - ring of protection from fire

@: confused, gold aura
A: no food or potions, fire vulnerability, cold resistance 1, negative energy
resistance 3, torment resistance, unbreathing, in touch with death 1
a: Potion Petition, Call Merchant, Bribe Branch, Renounce Religion, Evoke Flight


You were on level 2 of the Spider Nest.
You worshipped Gozag.
Gozag was pleased with you.
You were not hungry.

You visited 5 branches of the dungeon, and saw 24 of its levels.
You also visited: Ice Cave.

You collected 7838 gold pieces.
You spent 2573 gold pieces at shops.
You paid 4603 gold pieces to Gozag.

Inventory:

Hand Weapons
 a - a +1 broad axe of freezing
 l - a +2 antimagic broad axe
 z - a +1 hand axe of electrocution (weapon)
Armour
 f - a +2 pair of gloves of dexterity (worn)
 r - a +2 cloak (worn)
 w - a +0 pair of boots (worn)
 H - a +0 shield of reflection (worn)
 K - the +10 plate armour "Bajuonac" (worn) {-Cast rF+ rN++}
   (You bought it in a shop on level 12 of the Dungeon)

   It protects you from fire.
   It greatly protects you from negative energy.
   It prevents spellcasting.
 N - the +0 mask of the Dragon (worn) {MR+ Slay+3 SInv}
   (You found it in an ice cave)

   It affects your accuracy and damage with ranged weapons and melee attacks
   (+3).
   It affects your resistance to hostile enchantments.
   It lets you see invisible.
Jewellery
 i - a ring of protection from fire (left hand)
 n - an uncursed ring of fire
 o - an uncursed ring of ice
 G - the ring "Bonelumest" (right hand) {Wiz *Drain +Fly SInv}
   (You found it on level 6 of the Lair of Beasts)

   [ring of wizardry]

   It improves your spell success rate.
   It lets you see invisible.
   It lets you fly.
   It causes draining when unequipped.
 Q - a +4 amulet of reflection (around neck)
Wands
 b - a wand of slowing (22/48)
 d - a wand of enslavement (13/24)
 e - a wand of random effects (11/48)
 v - a wand of heal wounds (5/9)
 y - a wand of digging (4/24)
 B - a wand of paralysis (0/24)
 E - a wand of teleportation (0/9)
 J - a wand of confusion (26/48)
 L - a wand of iceblast (0/15)
 M - a wand of iceblast (4/15)
 O - a wand of iceblast (2/15)
 P - a wand of iceblast (4/15)
Scrolls
 g - 4 scrolls of recharging
 j - a scroll of enchant armour
 k - 2 scrolls of identify
 m - 3 scrolls of magic mapping
 p - 4 scrolls of vulnerability
 q - a scroll of enchant weapon
 s - 6 scrolls of remove curse
 x - 6 scrolls of fog
 C - 5 scrolls of teleportation
 I - a scroll of blinking
Potions
 h - 4 potions of heal wounds
Miscellaneous
 c - a lamp of fire
 t - a fan of gales


   Skills:
 - Level 10.1 Fighting
   Level 0.7 Short Blades
 * Level 14.8 Axes
 + Level 9.8 Armour
 - Level 1.5 Dodging
 - Level 0.7 Stealth
 + Level 6.6 Shields
 + Level 11.5 Evocations


You had 14 spell levels left.
You didn't know any spells.

Dungeon Overview and Level Annotations

Branches:
Dungeon (13/15)            Temple (1/1) D:7            Lair (6/6) D:11
 Shoals (0/4) Lair:2       Spider (2/4) Lair:2        Slime (0/5) Lair:6
    Orc (2/2) D:9             Elf (0/3) Orc:2
 Vaults: D:13-14

Altars:
Ashenzari
Cheibriados
Dithmenos
Elyvilon
Fedhas
Gozag
Hepliaklqana
Kikubaaqudgha
Makhleb
Nemelex Xobeh
Okawaru
Qazlal
Ru
Sif Muna
Trog
Uskayaw
Vehumet
Xom
Yredelemnul
Zin
The Shining One
Beogh

Shops:
D:5 ?   D:9 (}*   D:12 [   Orc:1 =   Orc:2 =(*[   Lair:3 *

Portals:
Trove: D:12 (give wand of heal wounds (9))

Annotations:
D:8 Arnot's ghost, novice DDBe
D:9 Maurice


Innate Abilities, Weirdness & Mutations

You do not eat or drink.
Your flesh is vulnerable to fire.
You are immune to poison.
Your flesh is cold resistant. (rC+)
You are immune to negative energy. (rN+++)
You are immune to unholy pain and torment.
You can survive without breathing.
You are in touch with the powers of death.


Message History

The tarantella is heavily wounded.
You miss the tarantella. You slash the tarantella!
The tarantella bites you but does no damage.
The tarantella completely misses you.
Unknown command.
Unknown command.
Evoke which item? (* to show all) (? for menu, Esc to quit)
Zapping:
v - a wand of heal wounds (will waste charges)
Press: ? - help, Shift-Dir - straight line, f - you Nothing appears to happen.
Evoking this partially-identified wand wasted a few charges.
Your skill with magical items lets you calculate the power of this device...
This wand has 5 charges left.
The redback is no longer distracted by gold.
The tarantella closely misses you.
The tarantella bites you but does no damage.
The redback bites you but does no damage.
The wolf spider hits you!
You die...
Your body crumbles into a pile of gold.

######### #######
.........#...#...
.................
........#.#....#
.............s#
........s.s.#
......s@s§..###
......sss.....###
..........s.$...##
....s.s...s#.<...#..#
..........#.$........
#.......##.....?....^
.......###......#....
.^....# #.....#......
#... #........##...


You could see a demonic crawler, a wolf spider, 3 orb spiders, a jumping spider,
3 tarantellas and 3 redbacks.

Vanquished Creatures
  Frances (Spider:1)
  Gastronok (Lair:2)
  Donald (Orc:2)
  The ghost of Galewind the Eclecticist, an adept DECj of Vehumet (Spider:1)
  An entropy weaver (Spider:1)
  Fannar (Lair:2)
  Erolcha (D:9)
  2 hydras
  An ogre mage (D:13)
  4 catoblepae
  9 death yaks (Lair:6)
  Urug (Lair:2)
  3 orc high priests (Orc:2)
  Nergalle (Lair:2)
  A necromancer (IceCv)
  A lindwurm (Lair:4)
  6 orc knights
  7 orb spiders (Spider:1)
  A hill giant (D:10)
  5 wolf spiders
  5 orc sorcerers
  A shining eye (Lair:6)
  2 manticores (D:13)
  An ugly thing (D:11)
  3 cyclopes
  2 centaur zombies (D:11)
  12 elephants
  An eye of devastation (Lair:6)
  5 black mambas
  A gargoyle (D:12)
  9 spiny frogs
  An ice statue (IceCv)
  5 rime drakes
  Psyche (D:9)
  12 komodo dragons
  A kobold demonologist (D:11)
  10 freezing wraiths (IceCv)
  2 demonic crawlers (Spider:1)
  4 two-headed ogres
  A wolf spider simulacrum (IceCv)
  2 polar bears
  5 jumping spiders
  2 trolls (D:13)
  3 hornets
  Prince Ribbit (Lair:1)
  11 hippogriffs
  12 dream sheep
  27 blink frogs
  10 redbacks (Spider:1)
  A wraith (D:11)
  Grum (D:8)
  38 yaks
  4 tarantellas
  A wyvern (D:11)
  A basilisk (Lair:5)
  A warg (Orc:2)
  A death yak simulacrum (IceCv)
  3 vampire mosquitoes
  A mottled dragon (D:12)
  A soldier ant (D:8)
  10 water moccasins
  2 porcupines
  Duvessa (D:5)
  A necrophage (D:9)
  13 ice beasts
  30 orc warriors
  4 phantoms
  An eye of draining (Lair:6)
  2 black bears
  3 sky beasts
  8 centaurs
  16 ogres
  7 wolves
  15 crocodiles
  2 big kobolds
  Blork the orc (D:5)
  15 bullfrogs
  A water moccasin zombie (D:8)
  Dowan (D:5)
  4 scorpions
  2 vampire bats (Lair:4)
  13 wights
  4 electric eels
  8 killer bees
  4 howler monkeys
  6 crimson imps
  3 bullfrog zombies
  22 orc priests
  5 draconian simulacra (IceCv)
  9 hounds
  A jelly (D:12)
  Crazy Yiuf (D:3)
  A bullfrog skeleton (D:9)
  A gnoll shaman (D:5)
  Jessica (D:2)
  29 orc wizards
  Natasha (thrice) (D:2)
  4 iguanas
  A polar bear simulacrum (IceCv)
  10 worker ants
  6 troll simulacra (IceCv)
  A wolf simulacrum (IceCv)
  A centaur simulacrum (IceCv)
  A hound zombie (D:7)
  2 hound skeletons
  A worker ant zombie (D:6)
  13 adders
  4 gnolls (D:2)
  A naga simulacrum (IceCv)
  7 ogre simulacra (IceCv)
  3 shadow imps
  12 white imps (IceCv)
  An adder zombie (D:5)
  2 adder skeletons
  6 worms
  3 dart slugs
  8 leopard geckos
  111 orcs
  7 bats
  7 giant cockroaches
  5 goblins
  6 hobgoblins
  7 jackals
  20 kobolds
  4 quokkas
  A ball python (D:6)
  4 frilled lizards
  2 jackal skeletons
  A leopard gecko zombie (D:6)
  A quokka skeleton (D:8)
  A quokka zombie (D:5)
  2 rats (D:2)
  6 fungi
  A plant (Lair:4)
777 creatures vanquished.

Vanquished Creatures (collateral kills)
  A yak (D:11)
1 creature vanquished.

Vanquished Creatures (others)
  An orc warlord (Orc:2)
  A cyclops (Orc:2)
  An electric eel (Spider:1)
  2 orc wizards
  5 fungi
  13 plants
23 creatures vanquished.

Grand Total: 801 creatures vanquished

Notes
Turn   | Place    | Note
-------+----------+-------------------------------------------
     0 | D:1      | HungrySpirit the Mummy Artificer began the quest for the Orb.
     0 | D:1      | Reached XP level 1. HP: 15/15 MP: 2/2
     9 | D:1      | You fall through a shaft!
    32 | D:2      | Noticed Jessica
    36 | D:2      | Killed Jessica
    36 | D:2      | Reached XP level 2. HP: 23/23 MP: 4/4
   104 | D:2      | Reached XP level 3. HP: 25/28 MP: 5/5
  1075 | D:2      | Noticed Natasha
  1082 | D:2      | Killed Natasha
  1082 | D:2      | Reached XP level 4. HP: 35/35 MP: 6/6
  1750 | D:3      | Reached XP level 5. HP: 29/42 MP: 7/7
  1855 | D:3      | Found an ancient bone altar of Kikubaaqudgha.
  1863 | D:3      | Found a hide-covered altar of Uskayaw.
  1864 | D:3      | Found a shimmering altar of Xom.
  1864 | D:3      | Found a snail-covered altar of Cheibriados.
  1869 | D:3      | Found a glowing silver altar of Zin.
  2087 | D:3      | Found a shattered altar of Ashenzari.
  2090 | D:3      | Found a sparkling altar of Nemelex Xobeh.
  2093 | D:3      | Found a shadowy altar of Dithmenos.
  2613 | D:3      | Found a runed door.
  2617 | D:3      | Noticed Crazy Yiuf
  2618 | D:3      | Killed Crazy Yiuf
  2836 | D:4      | Reached skill level 5 in Fighting
  2836 | D:4      | Reached XP level 6. HP: 18/51 MP: 8/8
  3297 | D:4      | Found a deep blue altar of Sif Muna.
  3464 | D:5      | Entered Level 5 of the Dungeon
  3506 | D:5      | Noticed an ice beast
  3515 | D:5      | Killed an ice beast
  3515 | D:5      | Reached skill level 1 in Axes
  3543 | D:5      | Reached XP level 7. HP: 54/56 MP: 10/10
  3546 | D:5      | Reached skill level 2 in Axes
  3555 | D:5      | Noticed Duvessa
  3563 | D:5      | Noticed Dowan
  3567 | D:5      | Reached skill level 3 in Axes
  3570 | D:5      | Killed Dowan
  3571 | D:5      | Killed Duvessa
  3938 | D:5      | Reached skill level 4 in Axes
  3938 | D:5      | Reached skill level 5 in Evocations
  3938 | D:5      | Reached XP level 8. HP: 51/63 MP: 11/11
  4276 | D:5      | Found a burning altar of Makhleb.
  4417 | D:5      | Found Qageroys's Magic Scroll Emporium.
  4420 | D:5      | Bought a scroll of remove curse for 42 gold pieces
  4420 | D:5      | Bought a scroll of fog for 28 gold pieces
  4420 | D:5      | Bought a scroll of amnesia for 49 gold pieces
  4717 | D:6      | Noticed Blork the orc
  4747 | D:5      | Killed Blork the orc
  4747 | D:5      | Reached skill level 5 in Axes
  5007 | D:6      | Found a stormy altar of Qazlal.
  5048 | D:6      | Noticed an air elemental
  5459 | D:6      | Reached skill level 6 in Axes
  5955 | D:7      | Found a staircase to the Ecumenical Temple.
  5970 | Temple   | Entered the Ecumenical Temple
  6082 | D:7      | Reached XP level 9. HP: 61/68 MP: 13/13
  6203 | D:7      | Reached skill level 1 in Shields
  6485 | D:7      | Found an opulent altar of Gozag.
  6498 | D:7      | Became a worshipper of Gozag Ym Sagoz the Greedy
  6779 | D:8      | Reached skill level 7 in Axes
  6789 | D:8      | Noticed Arnot's ghost (novice DDBe)
  7150 | D:8      | Noticed Grum
  7578 | D:8      | Reached skill level 1 in Armour
  7846 | D:8      | Found a sacrificial altar of Ru.
  8134 | D:8      | Reached skill level 8 in Axes
  8213 | D:8      | Killed Grum
  8213 | D:8      | Reached XP level 10. HP: 54/74 MP: 15/15
  8532 | D:9      | Noticed Psyche
  8536 | D:9      | Killed Psyche
  8565 | D:9      | You fall through a shaft for 2 floors!
  8565 | D:11     | Noticed a cyclops
  8580 | D:11     | Killed a cyclops
  8822 | D:11     | Noticed a soul eater
  8972 | D:10     | Entered Level 10 of the Dungeon
  9520 | D:10     | Reached skill level 9 in Axes
  9725 | D:9      | Noticed Maurice
  9727 | D:9      | Noticed Erolcha
  9738 | D:9      | Killed Erolcha
  9866 | D:9      | Found a staircase to the Orcish Mines.
 10077 | D:9      | Found a roughly hewn altar of Beogh.
 10671 | D:10     | Reached XP level 11. HP: 73/80 MP: 16/16
 11076 | D:10     | Noticed a hill giant
 11086 | D:10     | Killed a hill giant
 11343 | D:11     | Reached skill level 5 in Shields
 11505 | D:11     | Noticed a purple ugly thing
 11526 | D:11     | Killed a purple ugly thing
 11527 | D:11     | Found a staircase to the Lair.
 12069 | D:11     | Reached skill level 10 in Axes
 12700 | D:12     | Got a garnet-encrusted chain mail
 12701 | D:12     | Identified the +1 chain mail "Jocremac" {Slay+3} (You found it on level 12 of the Dungeon)
 12786 | D:11     | Reached skill level 5 in Armour
 12951 | D:12     | Found a portal to a secret trove of treasure.
 13817 | D:2      | Noticed Natasha
 13825 | D:2      | Killed Natasha
 13882 | D:2      | Noticed Natasha
 13888 | D:2      | Killed Natasha
 14172 | D:12     | Bought a brightly glowing plate armour for 868 gold pieces
 14185 | D:11     | Identified the +10 plate armour "Bajuonac" {-Cast rF+ rN++} (You bought it in a shop on level 12 of the Dungeon)
 15209 | D:13     | Noticed an ogre mage
 15218 | D:13     | Killed an ogre mage
 15218 | D:13     | Reached XP level 12. HP: 87/88 MP: 18/18
 15253 | D:13     | Noticed a four-headed hydra
 15267 | D:13     | Killed a four-headed hydra
 15349 | D:13     | Reached skill level 11 in Axes
 15683 | Lair:1   | Entered Level 1 of the Lair of Beasts
 16337 | Lair:1   | Noticed a four-headed hydra
 16341 | Lair:1   | Killed a five-headed hydra
 16672 | Lair:2   | Noticed Gastronok
 16728 | Lair:2   | Killed Gastronok
 16861 | Lair:2   | Noticed Prince Ribbit
 16935 | Lair:1   | Killed Prince Ribbit
 17709 | Lair:2   | Noticed Fannar
 17771 | Lair:2   | Killed Fannar
 18101 | Lair:2   | Noticed Nergalle
 18145 | Lair:2   | Gained mutation: You are in touch with the powers of death. [Mummy growth]
 18145 | Lair:2   | Reached XP level 13. HP: 37/97 MP: 20/20
 18148 | Lair:2   | Killed Nergalle
 18148 | Lair:2   | Reached skill level 12 in Axes
 18468 | Lair:2   | Noticed Urug
 18483 | Lair:2   | Killed Urug
 18729 | Lair:2   | Found a staircase to the Shoals.
 18750 | Lair:2   | Found a hole to the Spider Nest.
 19523 | Lair:3   | Reached skill level 10 in Evocations
 19765 | Lair:3   | Bought a wand of digging (6/24) for 380 gold pieces
 22320 | Lair:5   | Reached skill level 13 in Axes
 22642 | Lair:5   | Reached XP level 14. HP: 60/108 MP: 21/21
 23006 | Lair:6   | Entered Level 6 of the Lair of Beasts
 23146 | Lair:6   | Found a staircase to the Slime Pits.
 23383 | Lair:6   | Got a transparent ivory ring
 23387 | Lair:6   | Identified the ring "Bonelumest" {Wiz *Drain +Fly SInv} (You found it on level 6 of the Lair of Beasts)
 25183 | Orc:1    | Entered Level 1 of the Orcish Mines
 25537 | Orc:1    | Found Xeomp's Jewellery Emporium.
 25571 | Orc:1    | Found a frozen archway.
 25580 | IceCv    | Entered an ice cave
 25759 | IceCv    | Reached skill level 14 in Axes
 26259 | IceCv    | Reached skill level 10 in Fighting
 26352 | IceCv    | Found an ancient bone altar of Kikubaaqudgha.
 26997 | Orc:1    | Bought a +4 amulet of reflection for 350 gold pieces
 27047 | Orc:2    | Entered Level 2 of the Orcish Mines
 27057 | Orc:2    | Found a staircase to the Elven Halls.
 27118 | Orc:2    | Noticed Donald
 27137 | Orc:2    | Killed Donald
 27862 | Orc:2    | Reached XP level 15. HP: 83/115 MP: 23/23
 28012 | Orc:2    | Noticed an orc warlord
 28041 | Orc:2    | Killed an orc warlord
 28623 | Orc:2    | Found Fuibluitz's General Store.
 28624 | Orc:2    | Found Zocics's Jewellery Boutique.
 28626 | Orc:2    | Found Xarauvua's Antique Armour Shop.
 28626 | Orc:2    | Found Ezacw's Antique Weapon Shop.
 29080 | Orc:2    | Bought a glowing broad axe for 360 gold pieces
 29142 | D:9      | Bought a scroll labeled CUOFOI LEUH for 32 gold pieces
 29142 | D:9      | Bought a worn wooden wand for 128 gold pieces
 29142 | D:9      | Bought a scroll labeled XEPLOM IBROYNK for 32 gold pieces
 29142 | D:9      | Bought a scroll of recharging for 304 gold pieces
 29409 | Spider:1 | Entered Level 1 of the Spider Nest
 29877 | Spider:1 | Noticed Frances
 30044 | Spider:1 | Killed Frances
 30132 | Spider:1 | Noticed Galewind's ghost (adept DECj)
 30137 | Spider:1 | Killed Galewind's ghost
 31185 | Spider:2 | HP: 5/115 [tarantella (4)]
 31187 | Spider:2 | Slain by a wolf spider

Skill      XL: |  1  2  3  4  5  6  7  8  9 10 11 12 13 14 15 |
---------------+----------------------------------------------+-----
Fighting       | 2 3 4 5 6 7 9 10 | 10.1
Evocations     | 3 4 5 6 7 8 9 10 11 | 11.5
Axes           | 1 4 6 8 9 10 11 13 14 | 14.8
Shields        | 3 4 5 6 |  6.6
Armour         | 1 3 5 6 8 9 |  9.8
Short Blades   | |  0.7
Dodging        | |  1.5
Stealth        | |  0.7

Action                   |  1- 3 |  4- 6 |  7- 9 | 10-12 | 13-15 || total
-------------------------+-------+-------+-------+-------+-------++-------
Melee: Short sword       |    87 |   278 |       |       |       ||   365
       Dagger            |       |    33 |   104 |       |       ||   137
       Hand axe          |       |       |   439 |  1027 |  1977 ||  3443
Invok: Call Merchant     |       |       |       |     2 |     3 ||     5
       Potion Petition   |       |       |       |     1 |       ||     1
Evoke: Wand              |     7 |     8 |    22 |    25 |    27 ||    89
       Lamp of fire      |       |       |       |     1 |     1 ||     2
  Use: Scroll            |       |     3 |       |    20 |     8 ||    31
 Stab: Sleeping          |       |       |     2 |       |       ||     2
       Distracted        |       |       |     3 |     3 |     7 ||    13
       Paralysed         |       |       |     1 |    11 |       ||    12
       Invisible         |       |       |       |     5 |     3 ||     8
Armor: Leather armour    |    10 |       |       |       |       ||    10
       Ring mail         |    25 |    45 |   242 |    28 |       ||   340
       Scale mail        |       |    70 |       |       |       ||    70
       Plate armour      |       |       |       |   446 |  1031 ||  1477
       Chain mail        |       |       |       |    57 |       ||    57
Dodge: Dodged            |    72 |   138 |   314 |   256 |   374 ||  1154
Block: Buckler           |       |       |    63 |   241 |   257 ||   561
       Shield            |       |       |       |       |   266 ||   266
       Reflection        |       |       |       |       |    18 ||    18
